 Dungeon Crawl Stone Soup version 0.20-a0-830-g2c9a30d (webtiles) character file.

87 M4edhros the Shield-Bearer (level 4, -2/51 HPs)
             Began as an Octopode Fighter on Mar 7, 2017.
             Succumbed to a gnoll's poison
             ... on level 4 of the Dungeon.
             The game lasted 00:01:00 (1008 turns).

M4edhros the Shield-Bearer (Octopode Fighter)       Turns: 1008, Time: 00:01:00

Health: -2/51      AC: 22    Str: 15    XL:     4   Next: 51%
Magic:  4/4        EV:  2    Int: 10    God:
Gold:   43         SH:  9    Dex: 12    Spells: 3/3 levels left

rFire    . . .     SeeInvis .   a - +0 long sword
rCold    . . .     Gourm    .   b - +0 shield
rNeg     + + +     Faith    .   (helmet currently unavailable)
rPois    +         Spirit   .   (no amulet)
rElec    .         Reflect  .   (no ring)
rCorr    .         Harm     .   (no ring)
MR       .....     NoTele   +   (no ring)
Stlth    +.........             (no ring)
Regen    0.2/turn               (no ring)
MPRegen  0.1/turn               (no ring)
                                (no ring)
                                (no ring)

@: lethally poisoned (-2 -> -27), tree-form
A: almost no armour, stealthy swim, (amphibious), 8 rings, (constrict 8),
(camouflage 0), blink, (fire resistance 0), robust 1, wild magic 1, (gelatinous
body 0)
a: Blink


You were on level 4 of the Dungeon.
You were not hungry.
You were a tree.
You visited 1 branch of the dungeon, and saw 4 of its levels.

You collected 43 gold pieces.

Inventory:

Hand Weapons
 a - a +0 long sword (weapon)
Armour
 b - a +0 shield (worn)
Jewellery
 l - an uncursed ring of stealth {unknown}
Scrolls
 e - a scroll of magic mapping {unknown}
 f - 3 scrolls of identify {unknown}
 g - 2 scrolls of random uselessness {unknown}
 h - 2 scrolls of remove curse {unknown}
 i - 2 scrolls of amnesia {unknown}
 m - a scroll of enchant armour {unknown}
 o - a scroll of fog {unknown}
Potions
 c - a potion of might
Comestibles
 d - a bread ration
 k - 4 fruits


   Skills:
 + Level 3.5 Fighting
 * Level 2.8 Long Blades
 + Level 3.5 Dodging
 + Level 3.8 Shields


You had 3 spell levels left.
You didn't know any spells.

Dungeon Overview and Level Annotations

Branches:
Dungeon (4/15)
 Temple: D:4-7

Altars:
The Shining One


Innate Abilities, Weirdness & Mutations

You cannot wear most types of armour.
You are very stealthy in the water. (Stealth+)
((You are amphibious.))
You can wear up to eight rings at the same time.
((You can use your tentacles to constrict eight enemies at once.))
((Your skin changes colour to match your surroundings (Stealth+).))
((Your rubbery body absorbs attacks. (AC +1, EV +1)))
You can translocate small distances at will.
((Your flesh is heat resistant. (rF+)))
You are robust. (+10% HP)
Your spells are a little harder to cast, but a little more powerful.


Message History

You feel resistant to heat.
You feel robust.
* * * LOW HITPOINT WARNING * * *
You feel very sick. You block the gnoll's attack. x2
You aren't carrying any items that you can evoke.
You cannot teleport because you are held in place by your roots.
You closely miss the gnoll.
The gnoll is heavily wounded.
* * * LOW HITPOINT WARNING * * *
You feel sick. You block the gnoll's attack.
The gnoll hits you but does no damage.
You closely miss the gnoll.
The gnoll is heavily wounded.
* * * LOW HITPOINT WARNING * * *
You feel sick.
The gnoll hits you but does no damage. x2
You are more poisoned.
Unknown command.
You closely miss the gnoll.
The gnoll is heavily wounded.
You die...

#..# # #. #..#
###### #. #..#
#..... #. ####..#
#.###. .. ..>..#
#.# #. #. #...# #.#
#. #g #...# #.# #.
#g######...###.###.
#.♣)...............
########.#########.
#... #. ##### ##
##################
#............†....


You could see 2 gnolls.

Vanquished Creatures
  A howler monkey skeleton (D:4)
  2 gnolls (D:4)
  3 adders
  2 adder skeletons (D:4)
  A worm (D:3)
  A dart slug (D:1)
  A bat (D:1)
  2 giant cockroaches
  A hobgoblin (D:2)
  3 jackals (D:1)
  A kobold (D:1)
  2 quokkas (D:2)
  2 frilled lizards
  A goblin (D:1)
  A rat (D:1)
24 creatures vanquished.

Notes
Turn   | Place    | Note
-------+----------+-------------------------------------------
     0 | D:1      | M4edhros the Octopode Fighter began the quest for the Orb.
     0 | D:1      | Reached XP level 1. HP: 16/16 MP: 1/1
   152 | D:1      | Reached XP level 2. HP: 21/21 MP: 2/2
   212 | D:2      | Reached XP level 3. HP: 17/26 MP: 3/3
   782 | D:4      | Found a glowing golden altar of the Shining One.
   918 | D:4      | Reached XP level 4. HP: 29/31 MP: 4/4
  1005 | D:4      | Gained mutation: You can translocate small distances at will. [potion of mutation]
  1005 | D:4      | Gained mutation: Your spells are a little harder to cast, but a little more powerful. [potion of mutation]
  1005 | D:4      | Gained mutation: Your flesh is heat resistant. (rF+) [potion of mutation]
  1005 | D:4      | Gained mutation: You are robust. (+10% HP) [potion of mutation]
  1007 | D:4      | HP: 1/51 [poisoned by a gnoll]
  1008 | D:4      | Succumbed to a gnoll's poison

Vault maps used:
D:1:      mainiacjoe_arrival_reflecting_pool, st_stairs_13
D:2:      okawaru_gym_becter
D:3:      eat_drink_and_be_merry_uskayaw, st_stairs_6
D:4:      lemuel_coloured_pillars_altar, first_bread

Action                   |  1- 3 |  4- 6 || total
-------------------------+-------+-------++-------
Melee: Long sword        |    40 |    12 ||    52
       Constrict         |    13 |     3 ||    16
       Tentacles         |    12 |     4 ||    16
  Use: Potion            |       |     2 ||     2
 Stab: Sleeping          |     5 |       ||     5
Armor: Skin              |     1 |     5 ||     6
Dodge: Dodged            |    11 |     6 ||    17
Block: Shield            |    19 |    10 ||    29
       Rpst.: Long sword |     6 |     1 ||     7
